 Dungeon Crawl Stone Soup version bcrawl-1.13.5 (webtiles) character file.

Game seed: 16649599057055015304

90 DawwaD the Sneak (level 4, 0/34 HPs)
             Began as a Merfolk Wanderer on Aug 23, 2019.
             Slain by an orc wizard
             ... wielding a +0 dagger
              (2 damage)
             ... on level 3 of the Dungeon.
             The game lasted 00:09:18 (2237 turns).

DawwaD the Sneak (Merfolk Wanderer)                 Turns: 2237, Time: 00:09:19

Health: 0/34       AC:  3    Str: 11    XL:     4   Next: 56%
Magic:  4/4        EV:  9    Int: 14    God:
Gold:   124        SH:  7    Dex: 12    Spells: 3/3 levels left

rFire    . . .     SeeInvis .   f - +0 dagger
rCold    . . .     Gourm    .   b - +0 shield
rNeg     . . .     Faith    .   e - +0 robe
rPois    .         Spirit   .   (no helmet)
rElec    .         Reflect  .   (no cloak)
rCorr    .         Harm     .   (no gloves)
MR       .....                  h - +0 pair of boots
Stlth    +++.......             (no amulet)
HPRegen  0.11/turn              (no ring)
MPRegen  0.09/turn              (no ring)

@: no status effects
A: change form in water, swift swim, stealthy swim
a: no special abilities


You were on level 3 of the Dungeon.
You were hungry.

You visited 1 branch of the dungeon, and saw 3 of its levels.

You collected 124 gold pieces.

Inventory:

Hand Weapons
 a - a +0 hand crossbow
 f - a +0 dagger (weapon)
Missiles
 c - 209 bolts
 l - 2 throwing nets {!f}
 p - 136 poisoned needles (quivered)
Armour
 b - a +0 shield (worn)
 e - a +0 robe (worn)
 h - a +0 pair of boots (worn)
Scrolls
 i - 2 scrolls of remove curse {unknown}
 k - a scroll of amnesia {unknown}
 o - a scroll of fog {unknown}
 r - 2 scrolls of identify {unknown}
Potions
 d - a potion of lignification
 j - a potion of mutation {unknown}
 m - a potion of degeneration {unknown}
 n - a potion of curing {unknown}
 q - 2 potions of cancellation {unknown}
 s - a potion of berserk rage {unknown}
 t - a potion of haste {unknown}
Comestibles
 g - 3 rations {!d}


   Skills:
 + Level 2.6 Fighting
 + Level 0.3 Short Blades
 + Level 2.6 Crossbows
 + Level 1.0 Armour
 + Level 1.8 Dodging
 + Level 4.5 Stealth
 + Level 1.2 Shields
 + Level 1.1 Unarmed Combat


You had 3 spell levels left.
You didn't know any spells.
Your spell library was empty.

Dungeon Overview and Level Annotations

Branches:
Dungeon (3/12)

Altars:


Message History

The orc wizard is moderately wounded.
The orc wizard points at you and mumbles some strange words.
The magic dart hits you!
* * * LOW HITPOINT WARNING * * *
The orc wizard barely misses you.
You hear some strange, mumbled words.
Something tries to affect you, but you resist.
You barely miss the orc wizard.
The orc wizard is moderately wounded.
The orc wizard barely misses you. You block something's attack.
The orc wizard barely misses you.
You closely miss the orc wizard.
The orc wizard is moderately wounded.
You block the orc wizard's attack. Something hits you.
* * * LOW HITPOINT WARNING * * *
You hit the orc wizard.
The orc wizard is moderately wounded.
You block the orc wizard's attack. Something hits you but does no damage.
The orc wizard hits you with a +0 dagger.
You die...

#. #.
######.
.......
.......
.......###
##########
.).!).)o.#
#........#
#@.##
#.######.#
#...#
#.#### #.#
##..##
#....# #.#
#...#
####.# #.#
#.#.## #.#
#.# #....#
#.# #.#
##.#.##
#.# #.#
#....# #.#
#.# ##.#.#
#<# #.#


You could see an orc wizard.

Vanquished Creatures
  An orc wizard (D:3)
  An adder (D:2)
  2 worms (D:1)
  2 dart slugs (D:1)
  2 leopard geckos (D:1)
  2 orcs (D:3)
  A ball python (D:1)
  3 bats (D:1)
  3 goblins
  4 hobgoblins
  7 jackals (D:2)
  A quokka (D:2)
  3 frilled lizards (D:1)
  2 kobolds
  2 rats
36 creatures vanquished.

Notes
Turn   | Place    | Note
-------+----------+-------------------------------------------
     0 | D:1      | DawwaD the Merfolk Wanderer began the quest for the Orb.
     0 | D:1      | DawwaD set off with the following items: a +0 hand
                  | crossbow, a +0 shield, 29 bolts, a potion of lignification,
                  | a +0 robe, a +0 dagger, a ration {!d}
     0 | D:1      | Reached XP level 1. HP: 16/16 MP: 1/1
    72 | D:1      | Reached skill level 4 in Stealth
    72 | D:1      | Reached XP level 2. HP: 23/23 MP: 2/2
   410 | D:1      | Reached XP level 3. HP: 28/28 MP: 3/3
  2221 | D:3      | Reached skill level 1 in Dodging
  2221 | D:3      | Reached XP level 4. HP: 34/34 MP: 4/4
  2237 | D:3      | Slain by an orc wizard

Skill      XL: |  1  2  3 |
---------------+----------+-----
Stealth        | 4 |  4.5
Crossbows      | 2 |  2.6
Dodging        | 1 |  1.8
Fighting       | |  2.6
Short Blades   | |  0.3
Armour         | |  1.0
Shields        | |  1.2
Unarmed Combat | |  1.1

Action                   |  1- 3 |  4- 6 || total
-------------------------+-------+-------++-------
Melee: Dagger            |    45 |     4 ||    49
 Fire: Hand crossbow     |    75 |    11 ||    86
 Stab: Sleeping          |     1 |       ||     1
  Eat: Ration            |     1 |       ||     1
Armor: Robe              |    36 |       ||    36
Dodge: Dodged            |    33 |     7 ||    40
Block: Shield            |    38 |     5 ||    43
